 Dungeon Crawl Stone Soup version 0.21.1-1-g345015f (webtiles) character file.

2186 kaesh the Blocker (level 9, -1/75 HPs)
             Began as a Minotaur Fighter on Mar 7, 2018.
             Was an Initiate of Okawaru.
             Killed by nerve-wracking pain
             ... invoked by an orc priest
              (14 damage)
             ... on level 7 of the Dungeon.
             The game lasted 00:17:11 (5562 turns).

kaesh the Blocker (Minotaur Fighter)                Turns: 5562, Time: 00:17:12

Health: -1/75      AC:  6    Str: 23    XL:     9   Next: 11%
Magic:  8/8        EV:  9    Int:  5    God:    Okawaru [......]
Gold:   354        SH: 17    Dex: 11    Spells: 8/8 levels left

rFire    + . .     SeeInvis .   g - +2 whip (drain)
rCold    . . .     Gourm    .   j - +0 large shield
rNeg     . . .     Faith    .   q - +2 leather armour {rF+}
rPois    .         Spirit   .   (helmet restricted)
rElec    .         Reflect  .   (no cloak)
rCorr    +         Harm     .   (no gloves)
MR       .....                  (no boots)
Stlth    +.........             x - amulet of magic regeneration
HPRegen  0.22/turn              p - ring of resist corrosion
MPRegen  0.36/turn              (no ring)

@: no status effects
A: retaliatory headbutt, horns 2
a: Renounce Religion


You were on level 7 of the Dungeon.
You worshipped Okawaru.
Okawaru was noncommittal.
You were not hungry.

You visited 2 branches of the dungeon, and saw 8 of its levels.

You collected 354 gold pieces.

Inventory:

Hand Weapons
 a - a +0 flail
 g - a +2 whip of draining (weapon)
Armour
 b - a +0 scale mail
 j - a +0 large shield (worn)
 q - a +2 leather armour of fire resistance (worn)
Jewellery
 p - a ring of resist corrosion (left hand)
 x - an amulet of magic regeneration (around neck)
Wands
 m - a wand of flame (4)
 o - a wand of digging (5)
Scrolls
 c - a scroll of fear
 e - a scroll of blinking
 h - 5 scrolls of identify
 l - a scroll of teleportation
 r - a scroll of remove curse
 w - 2 scrolls of magic mapping
Potions
 d - 2 potions of might
 i - a potion of flight
 s - a potion of curing
 t - a potion of agility {unknown}
 u - 2 potions of magic
 z - a potion of haste
Books
 k - a book of Unlife

   Spells                             Type                      Level
   a - Recall                         Summoning/Translocation      3
   b - Animate Dead                   Necromancy                   4
   c - Borgnjor's Vile Clutch         Necromancy/Earth             5
   d - Death Channel                  Necromancy                   6
   e - Simulacrum                     Ice/Necromancy               6
 n - a book of Air

   Spells                             Type                      Level
   a - Shock                          Conjuration/Air              1
   b - Swiftness                      Charms/Air                   2
   c - Static Discharge               Conjuration/Air              3
   d - Airstrike                      Air                          4
   e - Lightning Bolt                 Conjuration/Air              5
Comestibles
 f - 10 rations
 v - 3 chunks of flesh


   Skills:
 + Level 6.0 Fighting
 + Level 8.2 Maces & Flails
 + Level 7.6 Armour
 + Level 3.5 Dodging
 + Level 1.2 Stealth
 + Level 8.3 Shields
 + Level 0.8 Evocations


You had 8 spell levels left.
You didn't know any spells.

Dungeon Overview and Level Annotations

Branches:
Dungeon (7/15)             Temple (1/1) D:6

Altars:
Ashenzari
Cheibriados
Dithmenos
Elyvilon
Makhleb
Okawaru
Qazlal
Ru
Trog
Uskayaw
Vehumet
Wu Jian
Xom
Yredelemnul
The Shining One


Innate Abilities, Weirdness & Mutations

You reflexively headbutt those who attack you in melee.
You have a pair of horns on your head.


Message History

You kill the orc priest!
Okawaru accepts your kill.
You closely miss the orc priest. You headbutt the orc priest.
The orc priest is moderately wounded.
You block the orc warrior's attack.
You closely miss the orc priest. You headbutt the orc priest.
The orc priest is severely wounded.
You block the orc priest's attack. You block the orc's attack.
You hit the orc priest.
The orc priest is almost dead.
The orc warrior hits you with a battleaxe!
* * * LOW HITPOINT WARNING * * *
You block the orc's attack.
The orc priest hits you but does no damage.
You hit the orc priest.
The orc priest is almost dead.
The orc warrior barely misses you. You block the orc's attack.
The orc priest calls down the wrath of Beogh upon you.
Pain shoots through your body!
You die...

#.# **,**,***## *,*
#.# *,,,,,,,,.## *,*
#.# #.,**,,,,..# *,*
#.#*#.,******..####*
*,*
*..,,..,,,,,,..>..,*
*,*
*****,.######..#**,*
*,* *,,..##....# *,*
*,* #,*#.##o#.## *,*
*,* #.##.##@#.# *,*
*,* #.....o.o.# **,**
*,*
####.##.###**,,,**
*,*
#.##.###*,*,*,**#.###
#.##...,,,,,,,,,.....
#.##..#**,***,***####
#.##..# **,*,** #####
#.##..# **,** #....
#.....# *** #.###


You could see an orc warrior, an orc priest and an orc.

Vanquished Creatures
  The ghost of Mirai the Chopper, a novice DsFi (D:6)
  Eustachio (D:5)
  Menkaure (D:4)
  3 phantoms
  An ice beast (D:7)
  2 ogres
  Blork the orc (D:4)
  3 bullfrogs (D:6)
  A scorpion (D:5)
  2 electric eels (D:3)
  A crimson imp (D:6)
  A centaur zombie (D:5)
  2 hounds
  3 orc wizards (D:5)
  A bullfrog skeleton (D:7)
  An orc priest (D:7)
  An iguana (D:6)
  6 worker ants
  2 hound skeletons
  6 adders
  A shadow imp (D:4)
  An adder skeleton (D:5)
  A worm (D:3)
  A dart slug (D:3)
  4 leopard geckos
  7 orcs
  5 bats
  3 giant cockroaches
  5 goblins
  11 hobgoblins
  8 jackals
  3 quokkas
  2 ball pythons
  3 frilled lizards
  9 kobolds
  7 rats
111 creatures vanquished.

Vanquished Creatures (others)
  A plant (D:3)
1 creature vanquished.

Grand Total: 112 creatures vanquished

Notes
Turn   | Place    | Note
-------+----------+-------------------------------------------
     0 | D:1      | kaesh the Minotaur Fighter began the quest for the Orb.
     0 | D:1      | Reached XP level 1. HP: 19/19 MP: 0/0
    56 | D:1      | Reached XP level 2. HP: 15/27 MP: 1/1
   691 | D:2      | Reached XP level 3. HP: 33/33 MP: 2/2
   863 | D:2      | Found a glowing golden altar of the Shining One.
   864 | D:2      | Found a shattered altar of Ashenzari.
  1068 | D:2      | Reached XP level 4. HP: 40/40 MP: 3/3
  1585 | D:3      | Found a white marble altar of Elyvilon.
  1648 | D:3      | Found a transporter.
  1659 | D:3      | Found a transporter.
  2090 | D:3      | Reached skill level 1 in Dodging
  2090 | D:3      | Reached XP level 5. HP: 46/46 MP: 4/4
  2516 | D:4      | Noticed Menkaure
  2535 | D:4      | Killed Menkaure
  2535 | D:4      | Reached skill level 5 in Armour
  2535 | D:4      | Reached skill level 5 in Shields
  2535 | D:4      | Reached XP level 6. HP: 21/52 MP: 5/5
  2838 | D:4      | Noticed Blork the orc
  2863 | D:4      | Killed Blork the orc
  2863 | D:4      | Reached skill level 5 in Maces & Flails
  3286 | D:4      | Reached XP level 7. HP: 58/60 MP: 6/6
  3567 | D:5      | Entered Level 5 of the Dungeon
  3814 | D:5      | Noticed Eustachio
  3843 | D:5      | Killed Eustachio
  3843 | D:5      | Reached XP level 8. HP: 55/67 MP: 7/7
  3850 | D:5      | Reached skill level 5 in Fighting
  4500 | D:5      | Reached skill level 1 in Stealth
  4900 | D:6      | Noticed Mirai's ghost (novice DsFi)
  4962 | D:6      | Killed Mirai's ghost
  5000 | D:6      | Found a staircase to the Ecumenical Temple.
  5014 | Temple   | Entered the Ecumenical Temple
  5148 | Temple   | Became a worshipper of Warmaster Okawaru
  5215 | D:6      | Reached XP level 9. HP: 75/75 MP: 8/8
  5562 | D:7      | Killed from afar by an orc priest

Skill      XL: |  1  2  3  4  5  6  7  8  9 |
---------------+----------------------------+-----
Armour         | 4 5 6 7 |  7.6
Shields        | 4 5 6 8 |  8.3
Maces & Flails | 3 4 5 6 7 8 |  8.2
Fighting       | 4 5 6 |  6.0
Dodging        | 1 2 3 |  3.5
Stealth        | 1 |  1.2
Evocations     | |  0.8

Action                   |  1- 3 |  4- 6 |  7- 9 || total
-------------------------+-------+-------+-------++-------
Melee: Flail             |   104 |     6 |       ||   110
       Headbutt          |    14 |    19 |    46 ||    79
       Whip              |       |    82 |   271 ||   353
Evoke: Wand              |       |     5 |       ||     5
  Use: Scroll            |     3 |     3 |     4 ||    10
       Potion            |     2 |     4 |     3 ||     9
 Stab: Sleeping          |       |       |     1 ||     1
  Eat: Chunk             |     1 |     7 |     7 ||    15
Armor: Scale mail        |    63 |     6 |       ||    69
       Ring mail         |       |     6 |    15 ||    21
       Leather armour    |       |       |    18 ||    18
Dodge: Dodged            |    41 |     8 |    34 ||    83
Block: Shield            |    65 |       |       ||    65
       Large shield      |     1 |    49 |   160 ||   210
